 Dungeon Crawl Stone Soup version 0.31.0-12-g77e489cdc1 (webtiles) character file.

Game seed: 16025839858755415067

129 hawla the Shield-Bearer (level 4, -3/58 HPs)
             Began as a Minotaur Fighter on Feb 18, 2024.
             Slain by a gnoll
             ... wielding a +0 halberd
              (7 damage)
             ... on level 3 of the Dungeon.
             The game lasted 00:03:10 (1404 turns).

hawla the Shield-Bearer (Minotaur Fighter)          Turns: 1404, Time: 00:03:11

Health: -3/58      AC: 22    Str: 20    XL:     4   Next: 88%
Magic:  3/3        EV:  2    Int:  5    God:
Gold:   102        SH:  5    Dex: 12    Spells: 3/3 levels left

rFire   . . .        a - +0 long sword (elec)
rCold   . . .        c - +0 buckler
rNeg    . . .        b - melded +0 scale mail
rPois   +            (helmet currently unavailable)
rElec   .            i - melded scarf {repulsion}
rCorr   .            (gloves currently unavailable)
SInv    .            (boots currently unavailable)
Will    .....        (no amulet)
Stlth   +            (no ring)
HPRegen 0.29/turn    (no ring)
MPRegen 0.08/turn

%: no passive effects
@: mighty, tree-form, on berserk cooldown, slowed, very slow
A: stationary, stasis, torment immunity, boosted hp, (horns 2), (retaliatory
headbutt)
a: no special abilities


You were on level 3 of the Dungeon.
You were a tree.
You visited 1 branch of the dungeon, and saw 3 of its levels.

You collected 102 gold pieces.

Inventory:

Hand Weapons
 a - a +0 long sword of electrocution (weapon)
Armour
 b - a +0 scale mail (melded)
 c - a +0 buckler (worn)
 i - a scarf of repulsion (melded)
Scrolls
 f - a scroll of brand weapon
 g - 2 scrolls of noise {unknown}
 h - 2 scrolls of identify {unknown}
 k - 4 scrolls of fear {unknown}
 l - a scroll of vulnerability {unknown}
 m - a scroll of enchant weapon {unknown}
 q - a scroll of teleportation {unknown}
Potions
 o - a potion of degeneration {unknown}
 p - a potion of heal wounds {unknown}
 r - 2 potions of haste {unknown}


   Skills:
 - Level 3.6 Fighting
 - Level 2.4 Long Blades
 - Level 3.6 Armour
 + Level 4.0 Dodging
 - Level 5.0 Shields


You had 3 spell levels left.
You didn't know any spells.
Your spell library was empty.

Dungeon Overview and Level Annotations

Branches:
Dungeon (3/15)

Altars:

Annotations:
D:3 1 runed translucent door, superradish's ghost, amateur OpSh


Innate Abilities, Weirdness & Mutations

You are a tree.
Your roots penetrate the ground, keeping you stationary.
You cannot be teleported.
You are immune to unholy pain and torment.
Your maximum health is greatly increased.
Your equipment is partially melded.
((You have a pair of horns on your head.))
((You reflexively headbutt those who attack you in melee.))


Message History

It is a scroll of brand weapon.
Your +0 long sword crackles with electricity.
a - a +0 long sword of electrocution (weapon)
You feel very sick. You block the gnoll's attack. The gnoll misses you.
You furiously retaliate!
You headbutt the gnoll!
You kill the gnoll!
The gnoll hits you from afar with a +0 halberd!
* * * LOW HITPOINT WARNING * * *
Your Dodging skill increases to level 4!
It was a potion of lignification.
You turn into a tree.
Your scarf of repulsion melds into your body.
Your +0 scale mail melds into your body.
The haze of the repulsion field disappears.
Your roots penetrate the ground.
* * * LOW HITPOINT WARNING * * *
You feel sick.
The gnoll hits you but does no damage. x2
It was a potion of curing.
You feel better. You block the gnoll's attack. x2
You aren't carrying any items that you can evoke.
You have nothing you can fire or use right now.
It was a potion of berserk rage.
A red film seems to cover your vision as you go berserk!
You feel yourself moving faster!
You feel mighty! The gnoll hits you but does no damage.
You block the gnoll's attack.
You feel a strong urge to attack something.
You are too berserk!
Unknown command.
There are no items here.
There are no items here.
The gnoll hits you but does no damage. The gnoll completely misses you.
You feel your anger nearly subside.
You are no longer berserk.
You are exhausted.
You feel yourself slow down. The gnoll hits you but does no damage.
The gnoll hits you from afar with a +0 halberd.
* * * LOW HITPOINT WARNING * * *
You feel very mighty all of a sudden. The gnoll barely misses you.
The gnoll hits you but does no damage. x2
The gnoll hits you from afar with a +0 halberd!
You die...

.# .# .# .#
...# .# .#
####...#
.####.#
#......
......# #
#...>. .
......###.##
#.... .<
###.........


gg. .# #.......# #)# ..# ##.###### ##♣#...# #.##########..)# #..............#
############...# ##### You could see 2 gnolls.

Vanquished Creatures
  Jessica (D:2)
  Terence (D:2)
  An adder (D:2)
  2 gnolls (D:3)
  A dart slug (D:1)
  An orc (D:3)
  2 endoplasms
  2 giant cockroaches (D:1)
  4 goblins (D:1)
  3 hobgoblins
  13 jackals
  A kobold (D:2)
  2 quokkas
  2 bats (D:2)
  4 frilled lizards (D:1)
  4 rats
44 creatures vanquished.

Notes
Turn   | Place    | Note
-------+----------+-------------------------------------------
     0 | D:1      | hawla the Minotaur Fighter began the quest for the Orb.
     0 | D:1      | Reached XP level 1. HP: 19/19 MP: 0/0
    81 | D:1      | Reached skill level 4 in Shields
    94 | D:1      | Reached XP level 2. HP: 16/26 MP: 1/1
   199 | D:1      | Found a faded altar of an unknown god.
   251 | D:1      | Reached skill level 5 in Shields
   580 | D:1      | Reached XP level 3. HP: 29/31 MP: 2/2
   583 | D:1      | Reached skill level 1 in Dodging
   894 | D:1      | You fall into a shaft and drop 1 floor!
   916 | D:2      | Noticed Jessica
   925 | D:2      | Killed Jessica
  1038 | D:2      | Reached XP level 4. HP: 39/39 MP: 3/3
  1143 | D:2      | Noticed Terence
  1152 | D:2      | Killed Terence
  1264 | D:3      | Found a runed translucent door.
  1266 | D:3      | Noticed a bullfrog
  1272 | D:3      | Noticed superradish's ghost (amateur OpSh)
  1397 | D:3      | HP: 1/58 [poisoned by a gnoll]
  1404 | D:3      | Slain by a gnoll

Illustrated notes

Levels and vault maps discovered:
D:1:      orjb1_lava_funnel, layout_basic, shapermc_ecumenical_altar_notcrosses
D:2:      layout_basic, uniq_jessica, uniq_terence
D:3:      layout_loops_ring, ebering_ghost_sewer_f

Skill      XL: |  1  2  3  4 |
---------------+-------------+-----
Shields        | 4 5 |  5.0
Dodging        | 2 4 |  4.0
Fighting       | |  3.6
Long Blades    | |  2.4
Armour         | |  3.6

Action                     |  1- 3 |  4- 6 || total
---------------------------+-------+-------++-------
  Melee: Long sword        |    76 |    26 ||   102
         Headbutt          |     6 |     2 ||     8
    Use: Potion            |       |     4 ||     4
         Scroll            |       |     1 ||     1
 Armour: Scale mail        |    55 |    24 ||    79
         Skin              |       |     9 ||     9
  Dodge: Dodged            |    53 |    24 ||    77
  Block: Buckler           |    22 |    13 ||    35
